 Dungeon Crawl Stone Soup version 0.31-a0-486-g8d68a81214 (webtiles) character file.

Game seed: 3314971656442764486

1626 AstroCodex24 the Chopper (level 8, -2/67 HPs)
             Began as a Demigod Fighter on Aug 7, 2023.
             Slain by an ogre
             ... wielding a +0 giant club
              (10 damage)
             ... on level 5 of the Dungeon.
             The game lasted 00:23:39 (3967 turns).

AstroCodex24 the Chopper (Demigod Fighter)          Turns: 3967, Time: 00:23:40

Health: -2/67      AC: 16    Str: 25    XL:     8   Next: 38%
Magic:  10/10      EV:  7    Int: 10    God:
Gold:   197        SH:  5    Dex: 13    Spells: 7/7 levels left

rFire   . . .        a - +1 war axe
rCold   + . .        c - +0 buckler
rNeg    . . .        u - +0 plate armour
rPois   +            (no helmet)
rElec   .            (no cloak)
rCorr   .            f - +2 pair of gloves
SInv    .            i - +0 pair of boots
Will    .....        (no amulet) Stlth
                     q - ring of flight
HPRegen 0.31/turn    (no ring)
MPRegen 0.12/turn

%: no passive effects
@: flying
A: high MP 1, forlorn, divine attributes, claws 1, cold resistance 1, poison
resistance
a: no special abilities


You were on level 5 of the Dungeon.
You visited 1 branch of the dungeon, and saw 5 of its levels.

You collected 197 gold pieces.

Inventory:

Hand Weapons
 a - a +1 war axe (weapon)
 e - a +2 whip of freezing
 p - a +0 scythe of distortion
Armour
 b - a +0 scale mail
 c - a +0 buckler (worn)
 f - a +2 pair of gloves (worn)
 i - a +0 pair of boots (worn)
 u - a +0 plate armour (worn)
Jewellery
 q - a ring of flight (left hand)
Talismans
 h - a dragon-blood talisman
Wands
 j - a wand of digging (4)
 n - a wand of roots (15)
 t - a wand of flame (9)
Scrolls
 k - a scroll of teleportation
 r - a scroll of poison
Potions
 d - a potion of attraction
 m - 2 potions of mutation


   Skills:
 + Level 4.9 Fighting
 + Level 7.0 Axes
 + Level 5.3 Armour
 + Level 1.6 Dodging
 + Level 0.2 Stealth
 + Level 3.7 Shields
 + Level 1.6 Evocations


You had 7 spell levels left.
You didn't know any spells.
Your spell library contained the following spells:

 Spells                   Type           Power      Damage    Failure   Level
 Lesser Beckoning         Tloc           0%         N/A       100%        2
 Sublimation of Blood     Necr           0%         N/A       100%        2
 Gell's Gravitas          Tloc           0%         N/A       100%        3
 Stone Arrow              Conj/Erth      0%         3d7       100%        3
 Teleport Other           Tloc           0%         N/A       100%        3
 Animate Armour           Summ/Erth      0%         N/A       100%        4
 Petrify                  Tmut/Erth      0%         N/A       100%        4
 Irradiate                Conj/Tmut      0%         3d11      100%        5
 Lehudib's Crystal Spear  Conj/Erth      0%         10d2      100%        8


Dungeon Overview and Level Annotations

Branches:
Dungeon (5/15)             Temple (0/1) D:5


Innate Abilities, Weirdness & Mutations

You have an increased reservoir of magic. (+10% MP)
You shall have no god before yourself.
Your divine heritage dramatically boosts your attributes as you level up.
You have sharp fingernails.
Your flesh is cold resistant. (rC+)
Your system is resistant to poisons. (rPois)


Message History

The black bear is severely wounded.
You block the black bear's attack. x2; The black bear completely misses you.
The black bear closely misses you.
The black bear claws you but does no damage.
The black bear claws you.
You hit the black bear.
The black bear is severely wounded.
Your enlightenment fades.
The black bear barely misses you. x2; The black bear claws you.
You slash the black bear!
You kill the black bear!
Your Axes skill increases to level 7!
Found 13 gold pieces.
You now have 197 gold pieces (gained 13).
An ogre comes into view. It is wielding a +0 giant club.
The ogre shouts!
Found a hand axe.
The ogre barely misses you.
You hit the ogre.
The ogre is lightly wounded.
The ogre hits you but does no damage.
You slash the ogre!
The ogre is heavily wounded.
The ogre hits you with a +0 giant club!
You closely miss the ogre.
The ogre is heavily wounded.
You hear the hiss of an avalanche of sand nearby.
The ogre hits you with a +0 giant club!
You slash the ogre!
The ogre is severely wounded.
You hit the ogre.
The ogre is almost dead.
The ogre barely misses you.
You hit the ogre but do no damage.
The ogre is almost dead.
The ogre hits you with a +0 giant club!!
* * * LOW HITPOINT WARNING * * *
You barely miss the ogre.
The ogre is almost dead.
The ogre hits you with a +0 giant club!
You die...

#. ... ... ############### .#
...........).. . #..........#
#..........# ####
#####..........# ....
#.......O@.....#
########.###..........#
...........#..........##
############.##########.# #...
...# #.# . #####.# ##### #.# ..
......# #.# ...
..†...############ #.# ....
......)..).......######.###.....


You could see an ogre.

Vanquished Creatures
  Pikel (D:4)
  Sigmund (D:2)
  Eustachio (D:3)
  Duvessa (D:5)
  A black bear (D:5)
  An ogre (D:4)
  A centaur (D:3)
  A phantom (D:3)
  Dowan (D:5)
  A gnoll bouda (D:3)
  Ijyb (D:3)
  Terence (D:2)
  Natasha (thrice) (D:2)
  Robin (D:4)
  8 gnolls
  4 adders
  A dart slug (D:3)
  6 orcs
  6 ball pythons
  2 bats (D:2)
  5 endoplasms
  3 giant cockroaches
  14 goblins
  4 hobgoblins
  8 jackals
  5 kobolds
  2 quokkas
  2 frilled lizards (D:2)
  3 rats
89 creatures vanquished.

Vanquished Creatures (collateral kills)
  An adder (D:4)
1 creature vanquished.

Grand Total: 90 creatures vanquished

Notes
Turn   | Place    | Note
-------+----------+-------------------------------------------
     0 | D:1      | AstroCodex24 the Demigod Fighter began the quest for the
                  | Orb.
     0 | D:1      | Reached XP level 1. HP: 18/18 MP: 3/3
    83 | D:2      | Reached XP level 2. HP: 11/26 MP: 4/4
   319 | D:2      | Noticed Natasha
   326 | D:2      | Killed Natasha
   327 | D:2      | Reached skill level 2 in Axes
   327 | D:2      | Reached XP level 3. HP: 23/31 MP: 5/5
   399 | D:2      | Noticed Terence
   422 | D:2      | Gained mutation: You are strong-willed. (Will+) [potion of
                  | mutation]
   422 | D:2      | Gained mutation: Your flesh is cold resistant. (rC+)
                  | [potion of mutation]
   422 | D:2      | Gained mutation: Your mind is acute. (Int +4, Str/Dex -1)
                  | [potion of mutation]
   458 | D:2      | Killed Terence
   459 | D:2      | Reached XP level 4. HP: 19/40 MP: 6/6
   548 | D:2      | Noticed Natasha
   553 | D:2      | Killed Natasha
   554 | D:2      | Reached skill level 3 in Axes
   606 | D:2      | Noticed Natasha
   614 | D:2      | Killed Natasha
   739 | D:2      | Noticed Sigmund
   752 | D:2      | Killed Sigmund
   753 | D:2      | Reached XP level 5. HP: 11/46 MP: 7/7
  1347 | D:3      | Reached XP level 6. HP: 51/52 MP: 8/8
  1465 | D:3      | Reached skill level 4 in Axes
  1535 | D:3      | Noticed Ijyb
  1543 | D:3      | Reached skill level 1 in Dodging
  1554 | D:3      | Killed Ijyb
  2512 | D:4      | Noticed Eustachio
  2520 | D:4      | Reached XP level 7. HP: 9/59 MP: 9/9
  2726 | D:3      | Killed Eustachio
  2727 | D:3      | Reached skill level 5 in Axes
  2804 | D:4      | Noticed Robin
  2933 | D:4      | Killed Robin
  3148 | D:3      | Lost mutation: Your mind is acute. (Int +4, Str/Dex -1)
                  | [potion of mutation]
  3148 | D:3      | Lost mutation: You are strong-willed. (Will+) [potion of
                  | mutation]
  3148 | D:3      | Gained mutation: You have sharp fingernails. [potion of
                  | mutation]
  3148 | D:3      | Gained mutation: Your system is resistant to poisons.
                  | (rPois) [potion of mutation]
  3325 | D:4      | Noticed Pikel
  3355 | D:4      | Killed Pikel
  3356 | D:4      | Reached skill level 6 in Axes
  3356 | D:4      | Reached skill level 5 in Armour
  3356 | D:4      | Reached skill level 1 in Evocations
  3356 | D:4      | Reached XP level 8. HP: 67/67 MP: 10/10
  3767 | D:5      | Entered Level 5 of the Dungeon
  3791 | D:5      | Noticed Dowan
  3791 | D:5      | Noticed Duvessa
  3815 | D:5      | Killed Duvessa
  3829 | D:5      | Killed Dowan
  3835 | D:5      | Found a staircase to the Ecumenical Temple.
  3923 | D:5      | Reached skill level 7 in Axes
  3967 | D:5      | Slain by an ogre

Illustrated notes

Levels and vault maps discovered:
D:1:      minmay_arrival_stone_box, layout_basic,
          nicolae_ecumenical_snake_handling
D:2:      layout_rooms, minmay_pentomino_z4, uniq_natasha, uniq_sigmund,
          uniq_terence
D:3:      layout_basic, nicolae_overflow_hidden_temple, uniq_ijyb
D:4:      layout_cave_pools, supply_closet_lemuel, dk_rats_in_the_wall,
          uniq_robin, uniq_eustachio, uniq_pikel
D:5:      layout_basic, minmay_temple_entry_butterflies, enter_ossuary_2,
          minmay_misc_feat_tiny, nicolae_elevator_lobby_plus, uniq_duvessa

Skill      XL: |  1  2  3  4  5  6  7  8 |
---------------+-------------------------+-----
Fighting       | 3 4 |  4.9
Axes           | 2 3 4 6 7 |  7.0
Shields        | 3 |  3.7
Armour         | 3 4 5 |  5.3
Dodging        | 1 |  1.6
Evocations     | 1 |  1.6
Stealth        | |  0.2

Action                     |  1- 3 |  4- 6 |  7- 9 || total
---------------------------+-------+-------+-------++-------
  Melee: War axe           |    81 |   128 |   112 ||   321
Ability: Breathe Fire      |       |       |     1 ||     1
         Begin Untransform |       |       |     1 ||     1
  Evoke: Wand              |       |     1 |    13 ||    14
    Use: Potion            |     1 |       |     5 ||     6
         Scroll            |       |       |    11 ||    11
 Armour: Scale mail        |    55 |    98 |    65 ||   218
         Plate armour      |       |       |    44 ||    44
  Dodge: Dodged            |    41 |    55 |    92 ||   188
  Block: Buckler           |    21 |    28 |    39 ||    88
   Form: Dragon            |       |       |     1 ||     1

Table legend: (Time is in decaauts)
 A = Elapsed time spent in this place.
 B = Non-inter-level travel time spent in this place.
 C = Inter-level travel time spent in this place.
 D = Time resting spent in this place.
 E = Time spent auto-exploring this place.
 F = Levels seen in this place.
 G = Mean time per level.
                   A        B        C        D        E       F      G
               +--------+--------+--------+--------+--------+-----+--------+
         Total |   4073 |   3661 |    412 |      0 |      0 |   5 |  814.6 |
       Dungeon |   4073 |   3661 |    412 |      0 |      0 |   5 |  814.6 |
               +--------+--------+--------+--------+--------+-----+--------+

Top non-repeatable levels by time:
     D:3: 2066 daAuts
     D:2: 961 daAuts
     D:4: 779 daAuts
     D:5: 206 daAuts
     D:1: 58 daAuts
